 Dungeon Crawl Stone Soup version 0.27-a0-1147-gb3d8e82157 (webtiles) character file.

Game seed: 178259609537810808

133 robertstho the Magician (level 5, -4/52 HPs)
             Began as a Djinni Fire Elementalist on May 11, 2021.
             Engulfed by a cloud of flame (7 damage)
             ... on level 3 of the Dungeon.
             The game lasted 00:03:59 (3466 turns).

robertstho the Magician (Djinni Fire Elementalist)  Turns: 3466, Time: 00:04:00

Health: -4/52      AC: 26    Str:  7    XL:     5   Next: 16%
Gold:   27         EV:  2    Int: 18    God:
                   SH:  0    Dex: 13

rFire    . . .     SeeInvis .   n - +1 short sword (freeze)
rCold    . . .     Faith    .   (no shield)
rNeg     + + +     Spirit   .   (armour currently unavailable)
rPois    ∞         Reflect  .   (helmet currently unavailable)
rElec    .         Harm     .   (cloak currently unavailable)
rCorr    .         Rampage  .   (gloves currently unavailable)
Will     .....     NoTele   +   (boots unavailable)
Stlth    ++........             (no amulet)
HPRegen  0.17/turn              o - +4 ring of protection
MPRegen  0.00/turn              (no ring)

@: tree-form, very slightly contaminated, invisible
A: stationary, stasis, torment immunity, boosted hp, sickness immunity, (fire
resistance 2), (cold vulnerability 1), float, innate caster, hp casting, extra
vitality 1
a: no special abilities


You were on level 3 of the Dungeon.
You were a tree.
You visited 1 branch of the dungeon, and saw 3 of its levels.

You collected 40 gold pieces.
You spent 13 gold pieces at shops.

Inventory:

Hand Weapons
 b - a +0 dagger
 n - a +1 short sword of freezing (weapon)
Armour
 a - a +0 robe (melded)
 j - a +0 helmet (melded)
 l - a +0 pair of gloves (melded)
Jewellery
 o - a +4 ring of protection (left branch)
Wands
 p - a wand of digging (7)
Scrolls
 d - 5 scrolls of noise
 e - 2 scrolls of identify {unknown}
 f - 2 scrolls of teleportation {unknown}
 h - a scroll of torment {unknown}
 i - a scroll of amnesia {unknown}
Potions
 c - a potion of invisibility
 k - a potion of brilliance {unknown}
 m - a potion of cancellation {unknown}


   Skills:
 + Level 2.4 Dodging
 + Level 2.5 Stealth
 + Level 4.3 Spellcasting


You couldn't memorise any spells.
You knew the following spells:

 Your Spells              Type           Power      Damage    Failure   Level
a - Foxfire               Conj/Fire      76%        2x1d7     2%          1
b - Conjure Flame         Conj/Fire      19%        6-21      7%          3
c - Inner Flame           Hex/Fire       19%        N/A       7%          3
d - Sticky Flame          Conj/Fire      19%        2d4       24%         4
e - Fireball              Conj/Fire      9%         3d6       54%         5
f - Magic Dart            Conj           76%        1d6       2%          1
g - Slow                  Hex            19%        N/A       3%          2
Your spell library was empty.

Dungeon Overview and Level Annotations

Branches:
Dungeon (3/15)

Altars:
Ashenzari
Ru
Uskayaw
Zin
The Shining One

Shops:
D:2 ?


Innate Abilities, Weirdness & Mutations

You are a tree.
Your roots penetrate the ground, keeping you stationary.
You cannot be teleported.
You are immune to unholy pain and torment.
Your maximum health is greatly increased.
Your equipment is partially melded.
You are immune to sickness and miasma.
You are immune to poison.
((Your flesh is very heat resistant. (rF++)))
((You are vulnerable to cold. (rC-)))
You float through the air rather than walking.
You learn spells naturally, not from books.
Your magical power is your life essence.
You have superior vitality. (+4 HP)


Message History

There is not enough space to conjure foxfire!
The hound bites you but does no damage.
The hound stops to sniff the ground.
The hound barely misses you.
Unknown command.
Casting: Foxfire (safe; 2% risk of failure)
Confirm with . or Enter, or press ? or * to list all spells.
The spell is quite dangerous to cast (7% risk of failure)!
Continue anyway?
Aiming: Inner Flame (quite dangerous; 7% risk of failure)
Press: ? - help, Shift-Dir - straight line, f - hound
Aim: a hound (heavily wounded, chance to affect: 81%)
The hound is filled with an inner flame.
The hound bites you but does no damage.
Unknown command.
The hound misses you. The hound bites you.
The hound bites you but does no damage.
Casting: Foxfire (safe; 2% risk of failure)
Press: ? - help, Q - select action, (/) - cycle Dir - look around, f - activate You conjure some foxfire!
The hound barely misses you. The hound bites you but does no damage.
The foxfire hits the hound.
Flame seeps out of the hound.
The hound is severely wounded.
The hound is engulfed in blazing flames.
The hound explodes!
The fiery explosion engulfs you! You resist.
* * * LOW HITPOINT WARNING * * *
You have reached level 5!
The power to cast Slow wells up from within.
Spell assigned to 'g'.
It was a potion of invisibility.
You fade into invisibility!
You resist.
* * * LOW HITPOINT WARNING * * *
You are very lightly contaminated with residual magic.
It was a potion of lignification.
You turn into a tree.
Your +0 helmet melds into your body.
Your +0 pair of gloves melds into your body.
Your +0 robe melds into your body.
Your roots penetrate the ground.
You die...

#.# #.# #.# #.#
#.# #.# #.#
#############§#
............°♣#
###############


There were no monsters in sight!

Vanquished Creatures
  A hound (D:3)
  2 adders (D:3)
  A white imp (D:3)
  2 dart slugs (D:3)
  An orc (D:3)
  10 ball pythons
  6 endoplasms
  2 giant cockroaches (D:1)
  9 goblins
  3 hobgoblins (D:1)
  6 jackals
  A quokka (D:1)
  7 bats
  5 frilled lizards
  5 kobolds
  11 rats
72 creatures vanquished.

Vanquished Creatures (others)
  312 foxfires
312 creatures vanquished.

Grand Total: 384 creatures vanquished

Notes
Turn   | Place    | Note
-------+----------+-------------------------------------------
     0 | D:1      | robertstho the Djinni Fire Elementalist began the quest for
                  | the Orb.
     0 | D:1      | Reached XP level 1. HP: 15/15 MP: 0/0
   207 | D:1      | Reached skill level 3 in Spellcasting
   208 | D:1      | Reached XP level 2. HP: 15/21 MP: 0/0
   886 | D:1      | Reached XP level 3. HP: 20/25 MP: 0/0
   886 | D:1      | Learned a level 1 spell: Magic Dart
  1041 | D:1      | Found a faded altar of an unknown god.
  1613 | D:2      | Found Viom's Magic Scroll Shoppe.
  1632 | D:2      | Bought a scroll of noise for 13 gold pieces
  2502 | D:2      | You are sucked into a shaft and drop 1 floor!
  2530 | D:3      | Found a broken altar of Ashenzari.
  2546 | D:3      | Reached XP level 4. HP: 26/31 MP: 0/0
  2755 | D:3      | Reached skill level 4 in Spellcasting
  3023 | D:3      | Found a hide-covered altar of Uskayaw.
  3047 | D:3      | Found a sacrificial altar of Ru.
  3159 | D:3      | Found a glowing silver altar of Zin.
  3176 | D:3      | Found a glowing golden altar of the Shining One.
  3465 | D:3      | Reached XP level 5. HP: 9/35 MP: 0/0
  3465 | D:3      | Learned a level 2 spell: Slow
  3466 | D:3      | Engulfed by a cloud of flame

Illustrated notes

Levels and vault maps discovered:
D:1:      wander_arrival_desolate, layout_basic, basic_ecumenical_altar
D:2:      layout_basic, serial_shops, shop, hangedman_decor_clover_reticule
D:3:      layout_loops_ring, ashenzari_conservatory_becter,
          nicolae_overflow_quartered_altars, general_overflow_altar,
          minmay_misc_feat_tiny, st_stairs_10

Skill      XL: |  1  2  3  4 |
---------------+-------------+-----
Spellcasting   | 3 4 |  4.3
Stealth        | 2 |  2.5
Dodging        | |  2.4

Action                   |  1- 3 |  4- 6 || total
-------------------------+-------+-------++-------
 Cast: Foxfire           |   131 |    51 ||   182
       Inner Flame       |       |     1 ||     1
  Use: Potion            |       |     2 ||     2
Armor: Robe              |     3 |     8 ||    11
Dodge: Dodged            |     3 |     3 ||     6

Table legend: (Time is in decaauts)
 A = Elapsed time spent in this place.
 B = Non-inter-level travel time spent in this place.
 C = Inter-level travel time spent in this place.
 D = Time resting spent in this place.
 E = Time spent auto-exploring this place.
 F = Levels seen in this place.
 G = Mean time per level.
                   A        B        C        D        E       F      G
               +--------+--------+--------+--------+--------+-----+--------+
         Total |   3464 |   3442 |     22 |      0 |   3042 |   3 | 1154.7 |
       Dungeon |   3464 |   3442 |     22 |      0 |   3042 |   3 | 1154.7 |
               +--------+--------+--------+--------+--------+-----+--------+

Top non-repeatable levels by time:
     D:1: 1537 daAuts
     D:2: 963 daAuts
     D:3: 962 daAuts
